 Dungeon Crawl Stone Soup version 0.30.1-4-g462c640d31 (webtiles) character file.

Game seed: 16451046018085706985

38 Kranky the Slasher (level 3, 0/26 HPs)
             Began as a Demonspawn Wanderer on Sept 8, 2023.
             Frozen to death by an endoplasm (4 damage)
             ... on level 1 of the Dungeon.
             The game lasted 00:01:26 (608 turns).

Kranky the Slasher (Demonspawn Wanderer)             Turns: 608, Time: 00:01:27

Health: 0/26       AC:  9    Str: 16    XL:     3   Next: 25%
Magic:  6/6        EV:  9    Int: 12    God:
Gold:   52         SH:  0    Dex: 11    Spells: 6/6 levels left

rFire   . . .        a - +2 falchion
rCold   . . .        (no shield)
rNeg    . . .        b - +0 scale mail
rPois   .            (no helmet)
rElec   .            (no cloak)
rCorr   .            (no gloves)
SInv    .            (no boots)
Will    .....        (no amulet) Stlth
                     (no ring)
HPRegen 0.24/turn    (no ring)
MPRegen 0.10/turn

%: no passive effects
@: no status effects
A: molten scales 2
a: no special abilities


You were on level 1 of the Dungeon.
You visited 1 branch of the dungeon, and saw 2 of its levels.

You collected 52 gold pieces.

Inventory:

Hand Weapons
 a - a +2 falchion (weapon)
Armour
 b - a +0 scale mail (worn)
Scrolls
 e - a scroll of torment {unknown}
 g - 3 scrolls of noise {unknown}
Potions
 c - a potion of attraction
 d - a potion of haste {unknown}
 f - 3 potions of curing {unknown}


   Skills:
 + Level 1.1 Fighting
 + Level 3.9 Long Blades
 + Level 2.3 Armour
 - Level 1.2 Stealth
 - Level 2.1 Spellcasting
 - Level 1.6 Invocations


You had 6 spell levels left.
You didn't know any spells.
Your spell library contained the following spells:

 Spells                   Type           Power      Damage    Failure   Level
 Poisonous Vapours        Pois/Air       2%         N/A       82%         2
 Static Discharge         Conj/Air       2%         2-3/arc   82%         2
 Tukima's Dance           Hex            1%         N/A       96%         3
 Passage of Golubria      Tloc           1%         N/A       100%        4
 Yara's Violent Unravell  Hex/Tmut       0%         3d3       100%        5


Dungeon Overview and Level Annotations

Branches:
Dungeon (2/15)

Altars:


Innate Abilities, Weirdness & Mutations

You are mostly covered in molten scales. (AC +3)


Message History

The adder poisons you! The endoplasm freezes you.
You are frozen.
The kobold hits you but does no damage.
You are too injured to fight recklessly!
You are too injured to fight recklessly!
You are too injured to fight recklessly!
You hit the adder.
You kill the adder!
You feel sick. The bat hits you but does no damage.
The kobold barely misses you.
The endoplasm hits you but does no damage.
Your Fighting skill increases to level 1!
You have reached level 3!
Your experience leads to an increase in your attributes!
Increase (S)trength, (I)ntelligence, or (D)exterity?
You feel stronger. x2; Your demonic ancestry asserts itself...
Molten scales spread over more of your body.
The bat attacks as you move away! The bat hits you but does no damage.
You feel sick. The bat hits you but does no damage.
The kobold attacks as you move away!
The kobold hits you with a +0 short sword.
* * * LOW HITPOINT WARNING * * *
You feel sick.
You are no longer poisoned.
The bat hits you but does no damage. The endoplasm freezes you.
You are frozen.
* * * LOW HITPOINT WARNING * * *
The bat hits you but does no damage. The endoplasm attacks as you move away!
The endoplasm hits you.
* * * LOW HITPOINT WARNING * * *
The kobold attacks as you move away! The kobold completely misses you.
The bat hits you but does no damage.
You hit the kobold.
You kill the kobold!
The bat barely misses you.
You barely miss the endoplasm. The bat barely misses you.
The endoplasm freezes you.
You are frozen.
You die...

#############
###...........##
##...#########..###
#..#........###....
#.##........# #####
#..#........####...
##@#..........##.<.
#J)..........##...
##.b.........##...
#..#.>......##...
##..).......##...
##.........##...
#.#.......##...
#...#.######...
##....# #...


You could see an endoplasm and a bat.

Vanquished Creatures
  An adder (D:1)
  A bat (D:1)
  5 endoplasms (D:1)
  3 goblins (D:1)
  3 hobgoblins (D:1)
  2 ball pythons (D:1)
  2 frilled lizards (D:1)
  7 kobolds (D:1)
  2 rats (D:1)
26 creatures vanquished.

Notes
Turn   | Place    | Note
-------+----------+-------------------------------------------
     0 | D:1      | Kranky the Demonspawn Wanderer began the quest for the Orb.
     0 | D:1      | Kranky set off with the following items: a +2 falchion, a
                  | +0 scale mail, a potion of attraction; and the following
                  | spells available to memorise: Poisonous Vapours, Static
                  | Discharge.
     0 | D:1      | Reached XP level 1. HP: 13/13 MP: 3/3
   111 | D:1      | Gained mutation: You are partially covered in molten
                  | scales. (AC +2) [demonic ancestry]
   111 | D:1      | Reached XP level 2. HP: 14/19 MP: 5/5
   602 | D:1      | Reached skill level 1 in Fighting
   602 | D:1      | Gained mutation: You are mostly covered in molten scales.
                  | (AC +3) [demonic ancestry]
   602 | D:1      | Reached XP level 3. HP: 10/26 MP: 6/6
   608 | D:1      | Frozen to death by an endoplasm

Illustrated notes

Levels and vault maps discovered:
D:1:      amcnicky_arrival_blooded_trapdoor, layout_basic
D:2:      layout_basic, basic_altar, grunt_ministairs_9

Skill      XL: |  1  2 |
---------------+-------+-----
Armour         | 2 |  2.3
Fighting       | 1 |  1.1
Long Blades    | |  3.9
Stealth        | |  1.2
Spellcasting   | |  2.1
Invocations    | |  1.6

Action                     || total
---------------------------++-------
  Melee: Falchion          ||    58
 Armour: Scale mail        ||    37
  Dodge: Dodged            ||    42
